AoeStats
← Kraelor

Nomad

510670370Analyzed
4v4 RM · 24h ago on Oct 2, 2026· 58m 23s· 8 players
Game mode
Random Map
Map size
231×231
Population
200
Speed
Normal
Resources
Standard
Victory
Conquest
Starting age
Dark Age
Ending age
Imperial Age
RankedLock teamsTeams togetherTeam positionsShared explorationLock speedFull tech treeHidden civsTurbo modeCheats
Victory
Defeat
🇨🇳 Bohemians · China
988
+13
🇲🇽 Poles · Mexico
908
+16
🇲🇽 Mongols · Mexico
881
+39
🇲🇽 Khmer · Mexico
834
+20
🇺🇸 Burgundians · United States
954
-18
🇨🇦 Malians · Canada
922
-17
🇩🇪 Huns · Germany
898
-16
🇺🇸 Spanish · United States
886
-15
julian_venom
6:00 Loom
16:23 Feudal Age
17:38 Wheelbarrow
16:53 Double-Bit Axe
17:54 Stone Mining
18:21 Horse Collar
33:11 Castle Age
38:29 Castle Age
44:24 Hand Cart
45:10 Bow Saw
46:31 Heavy Plow
47:38 Scale Barding Armor
47:36 Husbandry
47:47 Bloodlines
52:41 Imperial Age
51:33 Marauders
52:04 Chain Barding Armor
52:40 Gold Mining
54:23 Elite Tarkan
56:34 Atheism
ferandres99
10:43 Loom
15:48 Feudal Age
16:18 Town Watch
16:19 Double-Bit Axe
18:48 Fishing Lines
20:48 Wheelbarrow
23:14 Castle Age
24:39 Medium Warships
24:17 Pikeman
32:58 Husbandry
36:30 Imperial Age
sicANDtwisted
14:14 Feudal Age
13:43 Fishing Lines
14:28 Double-Bit Axe
14:26 Horse Collar
15:23 Bow Saw
18:04 Heavy Plow
20:34 Castle Age
18:28 Gillnets
19:46 Gold Mining
20:10 Forging
22:11 Cavalier
23:15 Scale Barding Armor
23:32 Husbandry
27:46 Iron Casting
30:57 Wheelbarrow
30:56 Crop Rotation
30:48 Chain Barding Armor
34:47 Hand Cart
39:32 Imperial Age
38:01 Burgundian Vineyards
39:19 Treadmill Crane
39:42 Paladin
40:39 Town Watch
42:46 Blast Furnace
44:17 Elite Skirmisher
46:37 Conscription
50:18 Chemistry
49:25 Fletching
49:36 Padded Archer Armor
50:39 Two-Man Saw
52:29 Light Cavalry
54:04 Bodkin Arrow
56:23 Ballistics
dasorux
15:56 Feudal Age
17:15 Wheelbarrow
17:48 Loom
21:02 Fletching
24:01 Castle Age
32:31 Pikeman
42:11 Imperial Age
42:07 Light Cavalry
42:57 Bloodlines
42:48 Husbandry
43:58 Elite Skirmisher
46:26 Hand Cart
46:24 Gold Mining
46:26 Fishing Lines
48:30 Conscription
50:17 Farimba
50:36 Squires
50:21 Arson
51:20 Bodkin Arrow
52:16 Tigui
52:05 Town Watch
52:17 Arson
52:34 Scale Mail Armor
53:02 Heavy Camel Rider
56:10 Double-Bit Axe
Kraelor
5:12 Loom
6:44 Loom
15:49 Feudal Age
16:49 Double-Bit Axe
20:06 Horse Collar
23:42 Castle Age
22:02 Fletching
23:18 Padded Archer Armor
23:55 Town Watch
24:48 Light Cavalry
25:31 Gold Mining
29:53 Bodkin Arrow
30:42 Wheelbarrow
36:18 Thumb Ring
39:51 Hand Cart
45:16 Imperial Age
44:10 Pikeman
45:23 Elite Mangudai
46:25 Conscription
46:58 Bracer
49:20 Bloodlines
48:33 Hussar
49:21 Scale Barding Armor
49:28 Forging
49:48 Parthian Tactics
52:06 Chemistry
51:17 Masonry
53:06 Husbandry
54:49 Chain Barding Armor
55:06 Iron Casting
54:35 Town Patrol
59:42 Blast Furnace
58:54 Nomads
59:20 Drill
Rywendyre
5:54 Loom
16:12 Feudal Age
16:19 Man-at-Arms
40:28 Double-Bit Axe
47:57 Castle Age
52:06 Forging
51:57 Scale Mail Armor
53:45 Horse Collar
54:18 Bow Saw
El Tlatoani
5:01 Loom
17:48 Feudal Age
17:51 Man-at-Arms
18:34 Double-Bit Axe
22:45 Fletching
27:17 Castle Age
27:50 Long Swordsman
28:27 Pikeman
31:45 Bow Saw
36:25 Bloodlines
36:15 Husbandry
39:09 Szlachta Privileges
42:25 Wheelbarrow
50:50 Fishing Lines
55:03 Imperial Age
52:34 Horse Collar
53:52 Hand Cart
55:37 Cavalier
56:59 Conscription
55:59 Elite Obuch
soytupadreelgabo
15:07 Feudal Age
16:12 Double-Bit Axe
20:33 Fishing Lines
26:19 Horse Collar
29:22 Castle Age
28:43 Scale Barding Armor
29:42 Forging
29:45 Light Cavalry
31:02 Fletching
39:37 Loom
Connection lost

Rejoining the realm…

Still unreachable

The connection could not be restored.

Session expired

The server has moved on; the page needs a fresh start.